 Dungeon Crawl Stone Soup version 0.30.1-11-g7821555f0a (webtiles) character file.

Game seed: 13054922831530011628

25 Kallu the Insei (level 3, 0/26 HPs)
             Began as a Merfolk Transmuter on Jan 8, 2024.
             Slain by a kobold
             ... wielding a +0 dagger
              (3 damage)
             ... on level 2 of the Dungeon.
             The game lasted 00:02:18 (931 turns).

Kallu the Insei (Merfolk Transmuter)                 Turns: 931, Time: 00:02:19

Health: 0/26       AC:  3    Str: 10    XL:     3   Next: 6%
Magic:  4/6        EV: 12    Int: 14    God:
Gold:   42         SH:  0    Dex: 14    Spells: 3/6 levels left

rFire   . .          .
                       - Unarmed
rCold   . . .        (no shield)
rNeg    . . .        a - +0 robe
rPois   .            l - +0 helmet
rElec   .            (no cloak)
rCorr   .            (no gloves)
SInv    .            (no boots)
Will    .....        (no amulet)
Stlth   +            (no ring)
HPRegen 0.24/turn    (no ring)
MPRegen 0.10/turn

%: no passive effects
@: wereblooded
A: (nimble swimmer 2), mertail
a: no special abilities


You were on level 2 of the Dungeon.
You visited 1 branch of the dungeon, and saw 2 of its levels.

You collected 42 gold pieces.

Inventory:

Armour
 a - a +0 robe (worn)
 l - a +0 helmet (worn)
Scrolls
 c - 3 scrolls of blinking {unknown}
 d - a scroll of teleportation {unknown}
 f - a scroll of fog {unknown}
 g - a scroll of summoning {unknown}
 i - a scroll of torment {unknown}
 j - a scroll of amnesia {unknown}
Potions
 b - a potion of lignification
 e - a potion of curing {unknown}
 h - a potion of haste {unknown}
 k - a potion of flight {unknown}


   Skills:
 - Level 1.1 Fighting
 - Level 2.6 Dodging
 + Level 4.5 Unarmed Combat
 - Level 2.0 Spellcasting
 - Level 2.6 Transmutations


You had 3 spell levels left.
You knew the following spells:

 Your Spells              Type           Power      Damage    Failure   Level
a - Beastly Appendage     Tmut           16%        N/A       8%          1
b - Wereblood             Tmut           8%         N/A       12%         2

Your spell library contained the following spells:

 Spells                   Type           Power      Damage    Failure   Level
 Spider Form              Tmut/Pois      5%         N/A       38%         3
 Ice Form                 Ice/Tmut       5%         N/A       80%         4


Dungeon Overview and Level Annotations

Branches:
Dungeon (2/15)

Altars:


Innate Abilities, Weirdness & Mutations

((You are very nimble when in or above water. (Stealth+, EV+, Speed+++)))
Your lower body shifts to a powerful aquatic tail in water.


Message History

The bat hits you but does no damage.
Your magical contamination has completely faded away.
You closely miss the bat. The bat barely misses you.
The bat closely misses you.
Casting: Wereblood (safe; 12% risk of failure)
Confirm with . or Enter, or press ? or * to list all spells.
Your blood is infused with primal strength.
The bat hits you. The bat closely misses you.
You hit the bat.
You kill the bat!
Unknown command.
A goblin and a hobgoblin come into view.
The goblin shouts!
A kobold comes into view. It is wielding a +0 dagger.
The hobgoblin shoots a sling bullet.
The sling bullet hits you!
You closely miss the hobgoblin.
The hobgoblin hits you but does no damage.
A worm comes into view.
You barely miss the hobgoblin. The hobgoblin closely misses you.
The hobgoblin shoots a sling bullet.
The sling bullet hits you.
You barely miss the hobgoblin. The hobgoblin closely misses you.
The goblin hits you with a +0 dagger.
The hobgoblin shoots a sling bullet.
The sling bullet closely misses you.
The sling bullet hits the goblin.
You hit the goblin.
You feel a bit better.
You kill the goblin!
You howl as the wereblood boils in your veins!
The hobgoblin shoots a sling bullet.
The sling bullet hits you.
* * * LOW HITPOINT WARNING * * *
The hobgoblin hits you.
* * * LOW HITPOINT WARNING * * *
The hobgoblin attacks as you move away! The hobgoblin closely misses you.
The kobold attacks as you move away! The kobold hits you with a +0 dagger.
* * * LOW HITPOINT WARNING * * *
You barely miss the kobold. The kobold closely misses you.
The hobgoblin shoots a sling bullet.
The sling bullet hits you.
* * * LOW HITPOINT WARNING * * *
There is a stone staircase leading up here.
The kobold hits you with a +0 dagger.
You die...

... #.. #.. #..####
#..... #...#
.#.#.#.#.##########
.........g.K@.....#
.#.#.#w#.#g######.#
.w......)...#
#.#.#.#.###....
.........# #.
#.#.#.#.#.#
...>......$.
.#.#.#.#.### ..


You could see a worm, 2 hobgoblins and a kobold.

Vanquished Creatures
  A dart slug (D:1)
  5 ball pythons
  2 endoplasms (D:1)
  2 goblins
  A hobgoblin (D:1)
  A quokka (D:1)
  6 bats
  3 kobolds (D:1)
  A rat (D:1)
22 creatures vanquished.

Notes
Turn   | Place    | Note
-------+----------+-------------------------------------------
     0 | D:1      | Kallu the Merfolk Transmuter began the quest for the Orb.
     0 | D:1      | Reached XP level 1. HP: 15/15 MP: 3/3
   240 | D:1      | Reached XP level 2. HP: 14/21 MP: 3/5
   246 | D:1      | Reached skill level 4 in Unarmed Combat
   288 | D:1      | Learned a level 2 spell: Wereblood
   856 | D:1      | Reached XP level 3. HP: 26/26 MP: 4/6
   931 | D:2      | Slain by a kobold

Illustrated notes

Levels and vault maps discovered:
D:1:      dpeg_arrival_radiant, layout_basic, serial_park_tiny_pond
D:2:      layout_loops_corners, shapermc_ecumenical_altar_starsandcircs,
          basic_altar, chequers_serial_rivers_room_a, st_stairs_10,
          amcnicky_mini_rare_corridor_liquid, hangedman_decor_push

Skill      XL: |  1  2 |
---------------+-------+-----
Unarmed Combat | 4 |  4.5
Fighting       | |  1.1
Dodging        | |  2.6
Spellcasting   | |  2.0
Transmutations | |  2.6

Action                     || total
---------------------------++-------
  Melee: Unarmed           ||    75
         Headbutt          ||     2
   Cast: Beastly Appendage ||     7
         Wereblood         ||     3
 Armour: Robe              ||    25
  Dodge: Dodged            ||    70
